 Dungeon Crawl Stone Soup version 0.31.0-32-g396128a36d (webtiles) character file.

Game seed: 2396251447985633658

98 Buffagor the Chopper (level 4, -1/39 HPs)
             Began as a Hill Orc Fighter on Mar 12, 2024.
             Incinerated by a bombardier beetle (4 damage)
             ... with a burning spray
             ... on level 3 of the Dungeon.
             The game lasted 00:03:24 (1615 turns).

Buffagor the Chopper (Hill Orc Fighter)             Turns: 1615, Time: 00:03:25

Health: -1/39      AC:  6    Str: 20    XL:     4   Next: 71%
Magic:  4/4        EV:  9    Int:  8    God:
Gold:   33         SH:  0    Dex: 10    Spells: 3/3 levels left

rFire   . . .        m - +1 dagger (venom)
rCold   . . .        c - +0 buckler
rNeg    . . .        b - +0 scale mail
rPois   .            (no helmet)
rElec   .            (no cloak)
rCorr   .            (no gloves)
SInv    .            (no boots)
Will    .....        (no amulet) Stlth
                     (no ring)
HPRegen 0.26/turn    (no ring)
MPRegen 0.09/turn

%: no passive effects
@: confused, on fire, ambrosia-drunk, glowing
A: no striking features
a: no special abilities


You were on level 3 of the Dungeon.
You visited 1 branch of the dungeon, and saw 3 of its levels.

You collected 33 gold pieces.

Inventory:

Hand Weapons
 a - a +0 war axe
 m - a +1 dagger of venom (weapon)
Missiles
 p - 4 boomerangs (quivered)
 q - 6 stones
 s - 10 poisoned darts
Armour
 b - a +0 scale mail (worn)
 c - a +0 buckler (worn)
 i - a +0 pair of boots
Scrolls
 e - 3 scrolls of identify {unknown}
 g - 2 scrolls of vulnerability {unknown}
 h - a scroll of blinking {unknown}
 o - a scroll of teleportation {unknown}
 t - a scroll of amnesia {unknown}
Potions
 d - a potion of might
 j - a potion of enlightenment {unknown}
 k - a potion of degeneration {unknown}
 l - a potion of magic {unknown}
 n - a potion of haste {unknown}
 r - a potion of resistance {unknown}
 u - a potion of curing {unknown}


   Skills:
 - Level 3.6 Fighting
 + Level 6.3 Axes
 - Level 3.2 Armour
 - Level 3.2 Shields


You had 3 spell levels left.
You didn't know any spells.
Your spell library contained the following spells:

 Spells                   Type           Power      Damage    Failure   Level
 Sting                    Conj/Alch      0%         1d3       83%         1
 Ensorcelled Hibernation  Hex/Ice        0%         N/A       93%         2
 Mercury Vapours          Alch/Air       0%         N/A       93%         2
 Passwall                 Erth           0%         N/A       99%         3
 Swiftness                Air            0%         N/A       99%         3
 Volatile Blastmotes      Fire/Tloc      0%         2d10      99%         3
 Fulminant Prism          Conj/Alch      0%         3d5       100%        4
 Iskenderun's Mystic Bla  Conj/Tloc      0%         2d3       100%        4
 Olgreb's Toxic Radiance  Alch           0%         N/A       100%        4


Dungeon Overview and Level Annotations

Branches:
Dungeon (3/15)

Altars:


Message History

The bombardier beetle is moderately wounded.
You throw a boomerang.
The boomerang barely misses the bombardier beetle.
You throw a boomerang.
The boomerang hits the bombardier beetle and shatters for extra damage.
The bombardier beetle is heavily wounded.
You throw a boomerang.
The boomerang barely misses the bombardier beetle.
The bombardier beetle sprays incendiary fluid at you.
The burning spray hits you.
You are covered in liquid fire!
You throw a boomerang.
The boomerang barely misses the bombardier beetle.
The liquid fire burns you!
You throw a boomerang.
The boomerang hits the bombardier beetle.
The bombardier beetle is heavily wounded.
The liquid fire burns you!
You hit the bombardier beetle.
The bombardier beetle is poisoned.
The bombardier beetle is almost dead.
The liquid fire burns you!
You kill the bombardier beetle!
Your Axes skill increases to level 6!
You are too injured to fight recklessly!
You are too injured to fight recklessly!
Unknown command.
You are on fire!
The liquid fire burns you! The liquid fire burns you!
The liquid fire burns you!
* * * LOW HITPOINT WARNING * * *
The liquid fire burns you!
* * * LOW HITPOINT WARNING * * *
The liquid fire burns you!
* * * LOW HITPOINT WARNING * * *
It was a potion of ambrosia.
You are confused.
You feel invigorated. The liquid fire burns you!
You die...

##............
##......#### ##.###.##
##.# #.# ...###'## #
#####...## .# ##.....##
###.## ##.......##
##....##
##.........####.@....##
.+.........'............
##.........####...##.###
##.......## ##.## #
##..[..## ### ##...##
##'## #.# #.#


There were no monsters in sight!

Vanquished Creatures
  A bombardier beetle (D:3)
  2 adders (D:2)
  2 ribbon worms (D:2)
  2 dart slugs
  7 bats
  3 endoplasms
  A giant cockroach (D:1)
  3 goblins
  A hobgoblin (D:1)
  5 quokkas
  2 ball pythons
  4 frilled lizards
  2 kobolds (D:1)
  2 rats
37 creatures vanquished.

Notes
Turn   | Place    | Note
-------+----------+-------------------------------------------
     0 | D:1      | Buffagor the Hill Orc Fighter began the quest for the Orb.
     0 | D:1      | Reached XP level 1. HP: 19/19 MP: 1/1
    35 | D:1      | Reached skill level 3 in Axes
   132 | D:1      | Reached XP level 2. HP: 26/26 MP: 2/2
   228 | D:1      | Reached skill level 4 in Axes
   702 | D:2      | Reached XP level 3. HP: 31/31 MP: 3/3
   965 | D:2      | Reached skill level 5 in Axes
  1201 | D:2      | Reached XP level 4. HP: 35/39 MP: 4/4
  1610 | D:3      | Reached skill level 6 in Axes
  1615 | D:3      | Incinerated by a bombardier beetle

Illustrated notes

Levels and vault maps discovered:
D:1:      dpeg_arrival_lava_temple_mockup, layout_rooms, interstate_on_off
D:2:      layout_basic, supply_closet_lemuel, kennysheep_crisscross,
          kennysheep_minor_cross
D:3:      layout_loops_corners, mainiacjoe_overflow_boulevard,
          nicolae_overflow_hidden_temple, nicolae_figureground_sparkle

Skill      XL: |  1  2  3  4 |
---------------+-------------+-----
Axes           | 3 4 5 6 |  6.3
Fighting       | |  3.6
Armour         | |  3.2
Shields        | |  3.2

Action                     |  1- 3 |  4- 6 || total
---------------------------+-------+-------++-------
  Melee: War axe           |    90 |       ||    90
         Dagger            |    18 |     5 ||    23
  Throw: Stone             |     5 |       ||     5
         Boomerang         |     1 |    17 ||    18
    Use: Potion            |       |     1 ||     1
 Armour: Scale mail        |    72 |     1 ||    73
  Dodge: Dodged            |    55 |     1 ||    56
  Block: Buckler           |    21 |       ||    21
